 Dungeon Crawl Stone Soup version 0.31-a0-358-gac0dbeb3ab (webtiles) character file.

Game seed: 12344602232461483836

19607 pokeman the Eclecticist (level 12, -8/68 HPs)
             Began as a Deep Elf Hedge Wizard on July 25, 2023.
             Was a High Priest of Vehumet.
             Killed from afar by Frances (39 damage)
             ... with an entropic shot
             ... on level 12 of the Dungeon.
             The game lasted 00:45:58 (14724 turns).

pokeman the Eclecticist (Deep Elf Hedge Wizard)    Turns: 14724, Time: 00:45:58

Health: -8/68      AC: 11    Str: 10    XL:     12   Next: 38%
Magic:  27/35      EV: 13    Int: 33    God:    Vehumet [*****.]
Gold:   632        SH:  0    Dex: 14    Spells: 32/45 levels left

rFire   + . .        b - +1 dagger (venom)
rCold   + . .        (no shield)
rNeg    . . .        h - +2 robe {rC+ rF+}
rPois   .            q - +0 helmet
rElec   .            w - +2 cloak {Stlth+}
rCorr   .            a - +1 pair of gloves of Privacy {Str+3 Int+2 SInv}
SInv    +            (no boots)
Will    ++...        (no amulet)
Stlth   ++++         c - ring of willpower
HPRegen 0.31/turn    J - +6 ring of intelligence
MPRegen 0.24/turn

%: no passive effects
@: no status effects
A: no striking features
a: Renounce Religion


You were on level 12 of the Dungeon.
You worshipped Vehumet.
Vehumet was extremely pleased with you.
You visited 2 branches of the dungeon, and saw 13 of its levels.
You also visited: Sewer.

You collected 870 gold pieces.
You spent 238 gold pieces at shops.

Inventory:

Hand Weapons
 b - a +1 dagger of venom (weapon)
 Y - a +2 falchion of electrocution
Missiles
 R - a curare-tipped dart
Armour
 a - the +1 pair of gloves of Privacy (worn) {Str+3 Int+2 SInv}
   (You bought it in a shop on level 3 of the Dungeon)

   Str:       It affects your strength (+3).
   Int:       It affects your intelligence (+2).
   SInv:      It lets you see invisible.
 h - a +2 robe of resistance (worn)
 q - a +0 helmet (worn)
 w - a +2 cloak of stealth (worn)
Magical Staves
 i - a staff of cold
Jewellery
 c - a ring of willpower (left hand)
 J - a +6 ring of intelligence (right hand)
Wands
 e - a wand of iceblast (6)
 j - a wand of charming (5)
 t - a wand of polymorph (9)
 T - a wand of quicksilver (2)
Scrolls
 d - 8 scrolls of teleportation
 g - a scroll of vulnerability {unknown}
 C - 2 scrolls of revelation {unknown}
 F - a scroll of enchant armour {unknown}
 I - 3 scrolls of blinking {unknown}
 L - 2 scrolls of amnesia {unknown}
 U - a scroll of noise {unknown}
 X - a scroll of torment {unknown}
Potions
 f - 2 potions of curing
 l - 3 potions of brilliance {unknown}
 m - 2 potions of heal wounds {unknown}
 n - 2 potions of mutation {unknown}
 p - 3 potions of degeneration {unknown}
 x - 3 potions of haste {unknown}
 z - a potion of berserk rage {unknown}
 B - a potion of attraction {unknown}
 D - a potion of lignification {unknown}
 H - a potion of magic
 M - 2 potions of ambrosia {unknown}
 V - 3 potions of might {unknown}
Miscellaneous
 Z - a phial of floods


   Skills:
 - Level 5.0 Fighting
 + Level 5.0 Armour
 - Level 4.0 Dodging
 - Level 4.0 Stealth
 * Level 17.0 Spellcasting
 + Level 10.1 Conjurations
 - Level 1.1 Summonings
 - Level 1.1 Translocations
 + Level 9.4 Ice Magic
 - Level 2.0 Air Magic
 - Level 2.0 Earth Magic
 - Level 2.0 Poison Magic
 - Level 1.0 Evocations


You had 32 spell levels left.
You knew the following spells:

 Your Spells              Type           Power      Damage    Failure   Level
a - Magic Dart            Conj           100%       1d8       0%          1
b - Mephitic Cloud        Conj/Pois/Air  56%        N/A       1%          3
c - Call Imp              Summ           70%        N/A       1%          2
d - Blink                 Tloc           70%        N/A       1%          2
e - Freezing Cloud        Conj/Ice/Air   33%        6-21      1%          5

Your spell library contained the following spells:

 Spells                   Type           Power      Damage    Failure   Level
 Irradiate                Conj/Tmut      29%        3d21      1%          5
 Apportation              Tloc           70%        N/A       1%          1
 Necrotise                Necr           100%       1d9       1%          1
 Slow                     Hex            100%       N/A       1%          1
 Summon Small Mammal      Summ           100%       N/A       1%          1
 Cigotuvi's Dreadful Rot  Necr/Pois/Air  74%        N/A       1%          2
 Poisonous Vapours        Pois/Air       82%        N/A       1%          2
 Gell's Gravitas          Tloc           35%        N/A       2%          3
 Teleport Other           Tloc           35%        N/A       2%          3
 Ozocubu's Refrigeration  Ice            37%        4d15      7%          7
 Simulacrum               Ice/Necr       28%        N/A       30%         6
 Dispersal                Tloc           17%        N/A       80%         6
 Polar Vortex             Ice            37%        12d4*     99%         9


Dungeon Overview and Level Annotations

Branches:
Dungeon (12/15)            Temple (1/1) D:5            Lair (0/5) D:9
    Orc (0/2) D:11          Sewer (visited)

Altars:
Ashenzari
Cheibriados
Dithmenos
Elyvilon
Fedhas
Gozag
Hepliaklqana
Kikubaaqudgha
Makhleb
Nemelex Xobeh
Okawaru
Qazlal
Ru
Sif Muna
Trog
Uskayaw
Vehumet
Wu Jian
Xom
Yredelemnul
Zin
The Shining One

Shops:
D:3 *(:*:   D:7 [   D:10 (

Annotations:
D:6 3 runed translucent doors, SirDiesAlot's ghost, novice OpSh
D:12 Frances


Message History

Casting: Call Imp (safe; 1% risk of failure)
Confirm with . or Enter, or press ? or * to list all spells.
Aiming: Mephitic Cloud (safe; 1% risk of failure)
Press: ? - help, Shift-Dir - straight line, p - Frances The ball explodes into a vile cloud!
The stinking cloud engulfs Frances but does no damage.
Frances is moderately wounded.
The stinking cloud engulfs the ice devil but does no damage.
The stinking cloud engulfs your cerulean imp but does no damage.
You hear a shout!
Your cerulean imp hits Frances from afar with a -1 spear.
Frances is engulfed in freezing vapours.
A shadow comes into view.
Unknown command.
Frances is engulfed in noxious fumes.
Frances hits your cerulean imp with a +0 dire flail!!
Your cerulean imp dies!
Your cerulean imp disappears in a puff of smoke!
Frances is engulfed in noxious fumes.
Frances whispers indecipherable words.
Frances is engulfed in noxious fumes.
A yak comes into view.
Frances is engulfed in noxious fumes.
Casting: Mephitic Cloud (safe; 1% risk of failure)
Confirm with . or Enter, or press ? or * to list all spells.
Aiming: Mephitic Cloud (safe; 1% risk of failure)
Press: ? - help, Shift-Dir - straight line The ball explodes into a vile cloud!
The stinking cloud engulfs Frances but does no damage.
Frances is moderately wounded.
You hear a bellow!
A yak comes into view.
Unknown command.
Frances is engulfed in noxious fumes.
Frances is engulfed in noxious fumes.
Frances appears confused.
Frances grins madly.
Frances mutters in a terrible tongue.
The entropic shot hits you!!!
Ouch! That really hurt!
You die...

##........## ###.##
#.......## #..#
###..#### #..# #.##
#..# ##.## #..#
####...## #.##
####W.44.@.## #.#
####.4..@...#..###
##.##
##....####...##.@.##
#...## Y..####
#...####..## #....#
#..3....##...#
##..### #....##
........##...#
###..## #.....#
........###..#
##..###.....##
........# #..#
##..........#
.......## #..#
###........#
......## ##.......#
......# #.........


You could see Frances (fast) and an ice devil (summoned).

Vanquished Creatures
  Kirke (D:12)
  Snorg (D:11)
  2 two-headed ogres
  A deep elf pyromancer (D:12)
  An ugly thing (D:12)
  Pikel (D:4)
  3 cyclopes (D:11)
  2 manticores
  An unseen horror (D:7)
  3 unseen horror zombies (D:10)
  A kobold demonologist (D:11)
  2 komodo dragons (D:9)
  A troll (D:11)
  Grinder (D:3)
  2 shadows
  2 wyverns (D:9)
  A vampire (D:12)
  3 hogs (D:12)
  2 wraiths
  3 basilisks (D:9)
  24 yaks
  5 steam dragons
  8 vampire mosquitoes (D:11)
  Menkaure (D:6)
  4 water moccasins
  An acid dragon (D:9)
  Duvessa (D:6)
  4 orc warriors
  An ogre (D:5)
  2 centaurs
  2 phantoms
  2 kobold brigands
  Blork the orc (D:6)
  2 gnoll sergeants (D:11)
  3 scorpions
  3 necrophages (D:10)
  7 wights
  Dowan (D:6)
  Crazy Yiuf (D:3)
  6 hounds
  A jelly (D:6)
  A gnoll bouda (D:7)
  4 iguanas
  2 orc priests (D:5)
  Ijyb (D:3)
  Natasha (thrice) (D:3)
  5 orc wizards
  5 ogre zombies (D:11)
  2 mummies (D:10)
  A howler monkey zombie (D:10)
  Robin (D:4)
  21 gnolls
  7 adders
  2 white imps
  2 ufetubi
  A worm (D:6)
  2 dart slugs
  29 orcs
  6 endoplasms
  6 giant cockroaches
  15 goblins
  11 hobgoblins
  3 jackals
  6 quokkas
  5 ball pythons
  6 bats
  5 frilled lizards
  A goblin skeleton (D:11)
  2 goblin zombies (D:11)
  6 hobgoblin zombies (D:11)
  14 kobolds
  2 orc skeletons (D:11)
  8 orc zombies (D:11)
  5 rats
304 creatures vanquished.

Vanquished Creatures (collateral kills)
  A komodo dragon (D:10)
  A yak (D:10)
  3 ice beasts
  A wight (D:9)
  A human zombie (D:10)
  An ogre zombie (D:11)
  A mummy (D:10)
9 creatures vanquished.

Vanquished Creatures (others)
  A wight (D:8)
1 creature vanquished.

Grand Total: 314 creatures vanquished

Notes
Turn   | Place    | Note
-------+----------+-------------------------------------------
     0 | D:1      | pokeman the Deep Elf Hedge Wizard began the quest for the
                  | Orb.
     0 | D:1      | Reached XP level 1. HP: 10/10 MP: 7/7
   260 | D:1      | Reached XP level 2. HP: 6/16 MP: 3/9
   904 | D:1      | Reached skill level 5 in Spellcasting
  1262 | D:2      | Reached XP level 3. HP: 20/20 MP: 8/11
  1268 | D:1      | Learned a level 3 spell: Mephitic Cloud
  1271 | D:1      | Learned a level 2 spell: Call Imp
  1274 | D:1      | Learned a level 2 spell: Blink
  1403 | D:2      | Reached skill level 1 in Armour
  1551 | D:2      | Reached skill level 1 in Fighting
  1802 | D:2      | Reached XP level 4. HP: 25/25 MP: 5/13
  2601 | D:3      | Found Hykir's Book Shop.
  2601 | D:3      | Found Dacoobis's Antique Weapon Emporium.
  2610 | D:3      | Noticed Grinder
  2619 | D:3      | Found Nechoucw's Book Shoppe.
  2666 | D:3      | Found Adwokow's General Store.
  2705 | D:3      | Paralysed by Grinder for 5 turns
  2805 | D:3      | Killed Grinder
  2806 | D:3      | Reached skill level 6 in Spellcasting
  2806 | D:3      | Reached XP level 5. HP: 14/29 MP: 8/16
  2806 | D:3      | Reached XP level 6. HP: 16/34 MP: 8/17
  2883 | D:3      | Bought a scroll of teleportation for 39 gold pieces
  3182 | D:3      | Found Vusoa's Assorted Antiques.
  3347 | D:3      | Reached skill level 7 in Spellcasting
  3379 | D:3      | Noticed Ijyb
  3417 | D:3      | Killed Ijyb
  3503 | D:3      | Noticed Natasha
  3515 | D:3      | Killed Natasha
  3745 | D:3      | Noticed Natasha
  3754 | D:3      | Killed Natasha
  3779 | D:3      | Noticed Natasha
  3790 | D:3      | Killed Natasha
  3791 | D:3      | Reached skill level 1 in Evocations
  3994 | D:3      | Found a runed translucent door.
  3995 | D:3      | Noticed Crazy Yiuf
  4009 | D:3      | Killed Crazy Yiuf
  4139 | D:4      | Reached XP level 7. HP: 38/38 MP: 15/20
  4315 | D:4      | Noticed Pikel
  4346 | D:4      | Killed Pikel
  4347 | D:4      | Reached skill level 8 in Spellcasting
  4347 | D:4      | Reached skill level 1 in Air Magic
  4450 | D:4      | Reached XP level 8. HP: 43/43 MP: 10/22
  4560 | D:4      | Noticed Robin
  4573 | D:4      | Killed Robin
  4666 | D:3      | Bought a pair of fading gloves for 199 gold pieces
  4666 | D:3      | Identified the +1 pair of gloves of Privacy {Str+3 Int+2
                  | SInv} (You bought it in a shop on level 3 of the Dungeon)
  5134 | D:5      | Entered Level 5 of the Dungeon
  5163 | D:5      | Reached skill level 9 in Spellcasting
  5290 | D:5      | Found a broken altar of Ashenzari.
  5308 | D:5      | Found a staircase to the Ecumenical Temple.
  5320 | Temple   | Entered the Ecumenical Temple
  5335 | Temple   | Became a worshipper of Vehumet
  5802 | D:5      | Found a shimmering altar of Xom.
  5843 | D:5      | Reached skill level 5 in Conjurations
  6489 | D:6      | Reached skill level 10 in Spellcasting
  6497 | D:6      | Found a runed translucent gate.
  6498 | D:6      | Found a runed translucent gate.
  6498 | D:6      | Noticed SirDiesAlot's ghost (novice OpSh)
  6499 | D:6      | Found a runed translucent gate.
  6530 | D:6      | Noticed Dowan
  6534 | D:6      | Noticed Duvessa
  6568 | D:6      | Killed Dowan
  6573 | D:6      | Killed Duvessa
  6591 | D:6      | Found a glowing drain.
  6600 | Sewer    | Entered a sewer
  6679 | Sewer    | Reached XP level 9. HP: 35/48 MP: 15/25
  6835 | D:6      | Noticed Blork the orc
  6865 | D:6      | Killed Blork the orc
  7085 | D:6      | Noticed Menkaure
  7101 | D:6      | Killed Menkaure
  7208 | D:6      | Reached * piety under Vehumet
  7208 | D:6      | Offered knowledge of Freeze by Vehumet.
  7409 | D:7      | Reached skill level 11 in Spellcasting
  7480 | D:7      | Found a sacrificial altar of Ru.
  7555 | D:7      | Reached skill level 1 in Earth Magic
  7816 | D:7      | Found an ornate altar of the Wu Jian Council.
  7898 | D:7      | Found Kixez's Antique Armour Shoppe.
  7962 | D:7      | Noticed an unseen horror
  7981 | D:7      | Killed an unseen horror
  7982 | D:7      | Reached skill level 5 in Ice Magic
  8061 | D:7      | Found a shadowy altar of Dithmenos.
  8201 | D:7      | Reached skill level 12 in Spellcasting
  8539 | D:8      | Found a large runed translucent door.
  8539 | D:8      | Found a large runed translucent door.
  8686 | D:8      | Reached XP level 10. HP: 20/53 MP: 16/28
  9077 | D:8      | Found a bloodstained altar of Trog.
  9087 | D:8      | Found an iron altar of Okawaru.
  9256 | D:9      | Reached ** piety under Vehumet
  9256 | D:9      | Offered knowledge of Sandblast by Vehumet.
  9565 | D:9      | You fall into a shaft and drop 1 floor!
  9565 | D:10     | Entered Level 10 of the Dungeon
  9735 | D:9      | Reached skill level 13 in Spellcasting
  9976 | D:9      | Found a staircase to the Lair.
 10421 | D:10     | Reached skill level 14 in Spellcasting
 10626 | D:10     | Found Yvaryxz Bisch's Weapon Emporium.
 10672 | D:10     | Found a snail-covered altar of Cheibriados.
 10750 | D:10     | Reached XP level 11. HP: 54/60 MP: 31/31
 11147 | D:10     | Offered knowledge of Ignite Poison by Vehumet.
 11528 | D:10     | Found a basalt altar of Yredelemnul.
 11869 | D:10     | Found a glowing silver altar of Zin.
 11870 | D:10     | Found a shimmering blue altar of Sif Muna.
 12098 | D:10     | Learned a level 5 spell: Freezing Cloud
 12209 | D:11     | Noticed a two-headed ogre
 12221 | D:11     | Killed a two-headed ogre
 12222 | D:11     | Reached skill level 15 in Spellcasting
 12280 | D:11     | Reached *** piety under Vehumet
 12481 | D:11     | Offered knowledge of Frozen Ramparts by Vehumet.
 12696 | D:11     | Found a staircase to the Orcish Mines.
 12903 | D:11     | Reached **** piety under Vehumet
 12908 | D:11     | Offered knowledge of Sticky Flame by Vehumet.
 13068 | D:11     | Reached skill level 5 in Fighting
 13162 | D:11     | Reached skill level 16 in Spellcasting
 13329 | D:11     | Reached XP level 12. HP: 50/68 MP: 27/34
 13590 | D:11     | Noticed Snorg
 13599 | D:11     | Killed Snorg
 14193 | D:12     | Noticed a two-headed ogre
 14203 | D:12     | Killed a two-headed ogre
 14394 | D:12     | Reached skill level 10 in Conjurations
 14401 | D:12     | Noticed Kirke
 14429 | D:12     | Reached ***** piety under Vehumet
 14429 | D:12     | Offered knowledge of Irradiate by Vehumet.
 14430 | D:12     | Killed Kirke
 14431 | D:12     | Reached skill level 5 in Armour
 14431 | D:12     | Reached skill level 17 in Spellcasting
 14703 | D:12     | Noticed Frances
 14724 | D:12     | Killed from afar by Frances

Illustrated notes

Levels and vault maps discovered:
D:1:      saegor_arrival_simple_d, layout_loops_ring,
          corexii_item_surrounded_by_moat
D:2:      layout_rooms, serial_rivers, chequers_serial_rivers_micro_c,
          chequers_serial_rivers_small_b, chequers_serial_rivers_small_3,
          chequers_serial_rivers_micro_c, chequers_serial_rivers_small_b
D:3:      layout_basic, serial_shops, shop_statue, shop, shop,
          nicolae_shop_advertising_works [nicolae_subvault_shop_adworks],
          nicolae_shop_tiny_statue_garden, uniq_ijyb, uniq_natasha,
          uniq_crazy_yiuf_cottage, uniq_grinder
D:4:      layout_rooms, kennysheep_donut, eino_curves_04, uniq_pikel, uniq_robin
D:5:      layout_basic, ashenzari_conservatory_becter, lemuel_round_altar,
          minmay_temple_entry_offerings, amcnicky_mini_corridor_feature
D:6:      layout_cave_pools, cheibrodos_sewer_entry_drain,
          gammafunk_ghost_nasty_kobolds, uniq_blork_the_orc, uniq_menkaure,
          uniq_duvessa
D:7:      layout_loops_ring, mainiacjoe_overflow_concentric_impassable,
          nzn_wu_jian_council_hall, nicolae_ru_path_of_blood, serial_shops,
          shop_fountains
D:8:      kennysheep_steamy, layout_rooms, jmf_multi_god_temple2
D:9:      layout_rooms, erik_lair_dragon
D:10:     layout_loops_ring, lemuel_mausoleum_altar_yredelemnul,
          lemuel_doored_altar, minitemple, serial_shops,
          nicolae_shop_just_a_little_nook, chequers_serial_rivers_micro_d
D:11:     layout_roguey, zombieorc1_lemuel, uniq_snorg
D:12:     layout_cave_pods, kennysheep_okawaru_gauntlet, uniq_frances,
          uniq_kirke
Temple:   nicolae_temple_bog_church

Skill      XL: |  1  2  3  4  5  6  7  8  9 10 11 12 |
---------------+-------------------------------------+-----
Spellcasting   | 5 6 7 8 10 12 14 16 17 | 17.0
Armour         | 1 2 3 4 5 |  5.0
Fighting       | 1 2 3 5 |  5.0
Conjurations   | 2 3 4 5 6 8 9 10 | 10.1
Stealth        | 3 4 |  4.0
Dodging        | 3 4 |  4.0
Evocations     | 1 |  1.0
Ice Magic      | 2 4 5 7 8 9 |  9.4
Air Magic      | 2 |  2.0
Poison Magic   | 2 |  2.0
Earth Magic    | 2 |  2.0
Summonings     | |  1.1
Translocations | |  1.1

Action                     |  1- 3 |  4- 6 |  7- 9 | 10-12 || total
---------------------------+-------+-------+-------+-------++-------
  Melee: Dagger            |     6 |    39 |   158 |   172 ||   375
         Quarterstaff      |       |       |    17 |       ||    17
         Punch             |       |       |     3 |     3 ||     6
   Cast: Magic Dart        |   118 |   126 |   175 |   326 ||   745
         Mephitic Cloud    |     1 |     8 |    40 |    37 ||    86
         Call Imp          |       |     3 |     6 |    19 ||    28
         Blink             |       |       |     3 |     7 ||    10
         Freezing Cloud    |       |       |       |    33 ||    33
  Evoke: Wand              |       |       |       |    12 ||    12
    Use: Potion            |       |     1 |       |       ||     1
         Scroll            |       |       |       |     7 ||     7
   Stab: Confused          |       |     3 |    21 |    25 ||    49
         Sleeping          |       |       |     3 |       ||     3
 Armour: Robe              |     4 |    10 |    73 |    90 ||   177
  Dodge: Dodged            |    16 |    41 |   166 |   180 ||   403

Table legend: (Time is in decaauts)
 A = Elapsed time spent in this place.
 B = Non-inter-level travel time spent in this place.
 C = Inter-level travel time spent in this place.
 D = Time resting spent in this place.
 E = Time spent auto-exploring this place.
 F = Levels seen in this place.
 G = Mean time per level.
                   A        B        C        D        E       F      G
               +--------+--------+--------+--------+--------+-----+--------+
         Total |  14757 |  14068 |    689 |    723 |  10553 |  14 | 1054.1 |
       Dungeon |  14471 |  13813 |    658 |    723 |  10372 |  12 | 1205.9 |
        Temple |     61 |     31 |     30 |      0 |      0 |   1 |   61.0 |
         Sewer |    224 |    224 |      0 |      0 |    181 |   1 |  224.0 |
               +--------+--------+--------+--------+--------+-----+--------+

Top non-repeatable levels by time:
    D:10: 1710 daAuts
    D:11: 1614 daAuts
     D:3: 1574 daAuts
     D:1: 1512 daAuts
     D:9: 1356 daAuts
     D:5: 1347 daAuts
     D:2: 1115 daAuts
     D:7: 988 daAuts
     D:4: 942 daAuts
     D:8: 804 daAuts
     D:6: 781 daAuts
    D:12: 723 daAuts
   Sewer: 224 daAuts
  Temple: 61 daAuts
